 Dungeon Crawl Stone Soup version 0.15-a0-413-gc6111ba (webtiles) character file.

7486 4tharraofdagon the Spear-Bearer (level 11, -12/86 HPs)
             Began as a Merfolk Gladiator on May 5, 2014.
             Was an Elder of Cheibriados.
             Mangled by ThirdFlower's ghost (18 damage)
             ... in a bailey.
             The game lasted 00:33:53 (4468 turns).

4tharraofdagon the Spear-Bearer (Merfolk Gladiator) Turns: 4468, Time: 00:33:53

HP -12/86        AC 11     Str 31      XL: 11   Next: 10%
MP  15/20        EV 24     Int 18      God: Cheibriados [****..]
Gold 331         SH  0     Dex 28      Spells:  3 memorised,  3 levels left

rFire  . . .     SeeInvis +     m - +1 trident (venom)
rCold  . . .     Clarity  .     v - +3 leather armour
rNeg   . . .     Conserve .     (no shield)
rPois  .         rCorr    .     R - +0 helmet {SInv}
rElec  .         rRot     .     g - +2 cloak
SustAb . .       Spirit   .     w - +0 pair of gloves (curse)
rMut   .         Warding  .     (no boots)
Saprov . . .     Stasis   .     z - amulet "Eruzim" {Faith Str+3 Dex+3}
MR     .....                    (no ring)
                                s - ring of wizardry

@: invisible, very slightly contaminated, very slow, not resistant to hostile
enchantments, unstealthy
A: change form in water, swift swim
a: Bend Time, Temporal Distortion, Slouch, Renounce Religion


You were in a bailey.
You worshipped Cheibriados.
Cheibriados was greatly pleased with you.
You were hungry.

You visited 2 branches of the dungeon, and saw 13 of its levels.
You also visited: Labyrinth, Ossuary and Bailey.

You collected 593 gold pieces.
You spent 262 gold pieces at shops.

Inventory:

Hand weapons
 e - a +2 blowgun
 k - the +6,+5 whip "Psuorchoo" {holy, +Inv rPois SInv}
   (You found it on level 4 of the Dungeon)

   It has been blessed by the Shining One to cause great damage to the undead
   and demons.
   It protects you from poison.
   It enhances your eyesight.
   It lets you turn invisible.
 m - a +1,+1 trident of venom (weapon)
 U - the +4,+10 great mace of Domination {pain, rC+}
   (You found it on level 9 of the Dungeon)

   In the hands of one skilled in necromantic magic, it inflicts extra damage on
   living creatures.
   It protects you from cold.
Missiles
 a - 3 darts of dispersal (quivered)
 h - 4 poisoned tomahawks
 G - 8 curare-tipped needles
 V - 2 poisoned needles
Armour
 g - a +2 cloak (worn)
 v - a +3 leather armour (worn)
 w - a cursed +0 pair of gloves (worn)
 y - a +0 shield
 A - a mottled dragon hide
 L - a cursed +0 cloak
 R - a +0 helmet of see invisible (worn)
Magical devices
 d - a wand of disintegration (8)
 o - a wand of cold (0)
 p - a wand of enslavement (9)
 t - a wand of random effects (17)
 H - a wand of fire (0)
 I - a wand of polymorph (9)
 M - a wand of invisibility (3)
 W - a wand of polymorph (12)
 Z - a wand of fire (7)
Comestibles
 f - 7 bread rations
 l - 3 meat rations
 u - 2 chokos
Scrolls
 i - a scroll of blinking
 n - 2 scrolls of noise
 r - a scroll of enchant armour
 x - a scroll of fog
 B - 2 scrolls of enchant weapon I
 D - 5 scrolls of remove curse
Jewellery
 s - a ring of wizardry (left hand)
 z - the amulet "Eruzim" (around neck) {Faith Str+3 Dex+3}
   (You found it on level 6 of the Dungeon)

   [amulet of faith]

   It allows you to gain divine favour quickly.
   It affects your strength (+3).
   It affects your dexterity (+3).
Potions
 b - 2 potions of restore abilities
 j - a potion of flight
 q - a potion of haste
 K - 2 potions of curing
 T - a potion of magic
 X - a potion of cure mutation
 Y - a potion of berserk rage
Books
 c - a book of Air

   Spells                             Type                      Level
   Shock                              Conjuration/Air              1
   Swiftness                          Charms/Air                   2
   *Repel Missiles                    Charms/Air                   2
   *Flight                            Charms/Air                   3
   Static Discharge                   Conjuration/Air              3
   Lightning Bolt                     Conjuration/Air              5
 C - a book of Fire

   Spells                             Type                      Level
   Ignite Poison                      Fire/Transmutation           5
   Fireball                           Conjuration/Fire             5
   Bolt of Fire                       Conjuration/Fire             6
   Delayed Fireball                   Conjuration/Fire             7
   Ring of Flames                     Charms/Fire                  7
 F - a book of the Warp

   Spells                             Type                      Level
   *Control Teleport                  Charms/Translocation         4
   Phase Shift                        Translocation                5
   Warp Weapon                        Charms/Translocation         5
   Summon Forest                      Summoning/Translocation      5
   Dispersal                          Translocation                6
   Controlled Blink                   Translocation                7
   Disjunction                        Translocation                8
 J - a book of Enchantments

   Spells                             Type                      Level
   Cause Fear                         Hexes                        4
   Silence                            Hexes/Air                    5
   Tukima's Dance                     Hexes                        5
   Deflect Missiles                   Charms/Air                   6
   Haste                              Charms                       6
   Discord                            Hexes                        8
 N - a book of Wizardry

   Spells                             Type                      Level
   Summon Elemental                   Summoning                    4
   Agony                              Necromancy                   5
   Force Lance                        Conjuration                  5
   Haste                              Charms                       6
   Invisibility                       Hexes                        6
   Spellforged Servitor               Conjuration/Summoning        7
 O - a book of Debilitation

   Spells                             Type                      Level
   Corona                             Hexes                        1
   Slow                               Hexes                        2
   Inner Flame                        Hexes/Fire                   3
   Enslavement                        Hexes                        4
   Cause Fear                         Hexes                        4
   Leda's Liquefaction                Hexes/Earth                  4
 P - a Grand Grimoire {highlevel}

   This book is beyond your current level of understanding.

   Spells                             Type                      Level
   Aura of Abjuration                 Summoning                    6
   Forceful Dismissal                 Summoning                    6
   Haunt                              Necromancy/Summoning         7
   Summon Greater Demon               Summoning                    7
   Malign Gateway                     Summoning/Translocation      7
   Summon Horrible Things             Summoning                    8
Miscellaneous
 Q - a lamp of fire (inert)
Rods
 E - a +2 rod of inaccuracy (5/11)
   (You took it off a minotaur in a labyrinth)


   Skills:
 + Level 8.2 Fighting
 * Level 14.8 Polearms
 - Level 2.0 Throwing
 + Level 10.4 Dodging
 + Level 1.1 Spellcasting
 * Level 1.4 Translocations
 + Level 5.7 Invocations
 + Level 5.3 Evocations


You had 3 spell levels left.
You knew the following spells:

 Your Spells              Type           Power        Failure   Level  Hunger
a - Repel Missiles        Chrm/Air       #.....       14%         2    ###....
b - Flight                Chrm/Air       #.........   36%         3    ####...
c - Control Teleport      Chrm/Tloc      #.........   73%         4    #####..


Dungeon Overview and Level Annotations

Branches:
Dungeon (12/15)            Temple (1/1) D:7             Orc (0/4) D:11
   Lair (0/8) D:10

Altars:
Ashenzari
Cheibriados
Dithmenos
Elyvilon
Fedhas
Kikubaaqudgha
Makhleb
Nemelex Xobeh
Okawaru
Sif Muna
Trog
Xom
Yredelemnul
Zin
The Shining One

Shops:
D:6 ?

Annotations:
D:8 4tharraofdagon's ghost, experienced MfGl
D:11 Erolcha Bailey ThirdFlower's ghost, experienced TrMo


Message History

Press: ? - help, Dir - move target cursor, f/p - ThirdFlower's ghost
Aim: ThirdFlower's ghost (heavily damaged)
You reach to attack!
You puncture ThirdFlower's ghost!
ThirdFlower's ghost is severely damaged.
You hit ThirdFlower's ghost but do no damage.
ThirdFlower's ghost is severely damaged.
Use which ability? (? or * to list)
You can feel time thicken for a moment.
You feel somewhat more hungry.
You can no longer step out of the time flow.
Cheibriados reduces the support of your attributes as your movement quickens.
ThirdFlower's ghost completely misses you.
Unknown command.
You hit ThirdFlower's ghost but do no damage.
ThirdFlower's ghost is almost destroyed.
ThirdFlower's ghost hits you!
* * * LOW HITPOINT WARNING * * *
Unknown command.
Use which ability? (? or * to list)
You fail to use your ability.
ThirdFlower's ghost hits you!
You die...

#....∩....#
#.........#
##.......##
##.....## ###...##
##...####
##.....####
##.......###
##..@W.=...###
##.............#
###.(≈≈≈≈≈≈.......
#≈≈(≈≈≈≈≈≈≈≈≈≈≈...
#≈≈≈≈#########≈≈≈≈.
#≈≈≈≈≈K#KogooK.#
≈≈≈≈
≈≈§≈####..ooo..#
#.g W≈. #.
####'#### . #. ...


You could see 3 orc warriors, ThirdFlower's ghost, a gnoll, 3 orcs and 2
kobolds.

Vanquished Creatures
  A minotaur (Lab)
  An unseen horror (D:12)
  Pikel (D:5)
  The ghost of Ankalagon the Gouger, an experienced FeCK of Xom (Bailey)
  2 trolls
  Sonja (D:11)
  A hydra skeleton (D:8)
  Eustachio (D:10)
  4 hippogriffs
  A hill giant skeleton (D:10)
  A mottled dragon (D:12)
  Edmund (D:5)
  Menkaure (D:7)
  A necrophage (D:10)
  A slave (D:5)
  A black bear (D:8)
  2 orc warriors
  A yellow wasp (D:8)
  A sky beast (D:8)
  2 ice beasts (D:8)
  6 ogres
  3 centaurs
  3 giant frogs
  A big kobold (D:12)
  An elf zombie (Ossuary)
  A gnoll sergeant (D:8)
  A scorpion (D:3)
  4 killer bees (D:9)
  4 wights (D:11)
  A giant frog zombie (D:6)
  4 orc priests
  2 crimson imps
  2 hounds
  Crazy Yiuf (D:5)
  A jelly (D:10)
  An iguana (D:8)
  3 orc wizards
  6 worker ants
  4 big kobold zombies (Ossuary)
  3 mummies
  A worker ant zombie (D:8)
  8 gnolls (D:8)
  9 adders
  A shadow imp (D:6)
  A giant mite (D:6)
  5 worms
  A giant eyeball (D:9)
  4 giant geckos
  26 orcs
  6 bats
  3 giant cockroaches
  5 hobgoblins
  4 jackals (D:9)
  A quokka (D:5)
  A giant newt (D:1)
  A gnoll zombie (Ossuary)
  9 goblins
  3 goblin zombies (Ossuary)
  2 hobgoblin zombies (Ossuary)
  14 kobolds
  3 orc zombies (Ossuary)
  9 rats
195 creatures vanquished.

Vanquished Creatures (others)
  A slave (D:5)
  A giant eyeball (D:5)
  A goblin skeleton (D:5)
3 creatures vanquished.

Grand Total: 198 creatures vanquished

Notes
Turn   | Place    | Note
--------------------------------------------------------------
     0 | D:1      | 4tharraofdagon, the Merfolk Gladiator, began the quest for the Orb.
     0 | D:1      | Reached XP level 1. HP: 16/16 MP: 1/1
   160 | D:1      | Reached XP level 2. HP: 21/23 MP: 2/2
   252 | D:2      | Reached skill level 5 in Polearms
   264 | D:3      | Noticed a scorpion
   277 | D:3      | Killed a scorpion
   277 | D:3      | Reached XP level 3. HP: 28/28 MP: 3/3
   277 | D:3      | Reached XP level 4. HP: 34/34 MP: 4/4
   387 | D:4      | Reached skill level 6 in Polearms
   387 | D:4      | Reached skill level 5 in Dodging
   402 | D:4      | Got an iridescent whip
   403 | D:4      | Identified the +6,+5 whip "Psuorchoo" {holy, +Inv rPois SInv} (You found it on level 4 of the Dungeon)
   494 | D:4      | Noticed an ogre
   500 | D:4      | Killed an ogre
   500 | D:4      | Reached XP level 5. HP: 21/41 MP: 5/5
   511 | D:4      | Reached skill level 7 in Polearms
   519 | D:4      | Reached XP level 6. HP: 27/48 MP: 6/6
   551 | D:4      | Found a sand-covered staircase.
   557 | Ossuary  | Entered an ossuary
   849 | Ossuary  | Reached skill level 8 in Polearms
  1294 | D:5      | Entered Level 5 of the Dungeon
  1354 | D:5      | Noticed Edmund
  1374 | D:5      | Killed Edmund
  1374 | D:5      | Reached XP level 7. HP: 42/55 MP: 7/7
  1400 | D:5      | Noticed Pikel
  1419 | D:5      | Killed Pikel
  1419 | D:5      | Reached skill level 5 in Fighting
  1419 | D:5      | Reached skill level 10 in Polearms
  1419 | D:5      | Reached XP level 8. HP: 21/63 MP: 8/8
  1480 | D:5      | 1turn=2poisons
  1563 | D:5      | Noticed Crazy Yiuf
  1567 | D:5      | Killed Crazy Yiuf
  1725 | D:6      | Found Twuul's Magic Scroll Shoppe.
  1732 | D:6      | Bought a scroll of identify for 30 gold pieces
  1732 | D:6      | Bought a scroll of identify for 30 gold pieces
  1732 | D:6      | Bought a scroll of remove curse for 45 gold pieces
  1732 | D:6      | Bought a scroll of fog for 30 gold pieces
  1732 | D:6      | Bought a scroll of blinking for 112 gold pieces
  1732 | D:6      | Bought a scroll of noise for 15 gold pieces
  1789 | D:6      | Found a glowing silver altar of Zin.
  1789 | D:6      | Found a glowing golden altar of the Shining One.
  1837 | D:6      | Got a faintly glowing garnet amulet
  1838 | D:6      | Identified the amulet "Eruzim" {Faith Str+3 Dex+3} (You found it on level 6 of the Dungeon)
  1883 | D:6      | Reached skill level 11 in Polearms
  1931 | D:5      | Noticed a water moccasin
  1942 | D:7      | Noticed Menkaure
  1949 | D:7      | Killed Menkaure
  2181 | D:7      | Found a blossoming altar of Fedhas.
  2237 | D:7      | Found a staircase to the Ecumenical Temple.
  2248 | Temple   | Entered the Ecumenical Temple
  2272 | Temple   | Became a worshipper of Cheibriados the Contemplative
  2368 | D:6      | Reached XP level 9. HP: 40/69 MP: 10/10
  2400 | D:6      | Reached skill level 1 in Evocations
  2410 | D:6      | Reached skill level 1 in Invocations
  2534 | D:8      | Noticed 4tharraofdagon's ghost (experienced MfGl)
  2556 | D:8      | Reached skill level 12 in Polearms
  2680 | D:8      | Found a burning altar of Makhleb.
  2925 | D:8      | Reached skill level 13 in Polearms
  3010 | D:8      | Acquired Cheibriados' first power
  3098 | D:9      | Reached XP level 10. HP: 59/79 MP: 14/16
  3157 | D:9      | Got a bloodstained great mace
  3260 | D:9      | Noticed a centaur warrior
  3350 | D:10     | Entered Level 10 of the Dungeon
  3357 | D:10     | Identified the +4,+10 great mace of Domination {pain, rC+} (You found it on level 9 of the Dungeon)
  3433 | D:10     | Found a staircase to the Lair.
  3486 | D:9      | Acquired Cheibriados' second power
  3555 | D:10     | Found a shimmering altar of Xom.
  3556 | D:10     | Found a shimmering altar of Xom.
  3557 | D:10     | Found a shimmering altar of Xom.
  3565 | D:10     | Found a shimmering altar of Xom.
  3565 | D:10     | Found a shimmering altar of Xom.
  3566 | D:10     | Found a shimmering altar of Xom.
  3566 | D:10     | Found a shimmering altar of Xom.
  3608 | D:10     | Found a shimmering altar of Xom.
  3728 | D:10     | Noticed Eustachio
  3748 | D:10     | Killed Eustachio
  3776 | D:10     | Noticed a hill giant
  3792 | D:11     | Found a staircase to the Orcish Mines.
  3839 | D:11     | Noticed Sonja
  3842 | D:11     | Killed Sonja
  3842 | D:11     | Reached skill level 14 in Polearms
  3912 | D:11     | Noticed Erolcha
  3920 | D:11     | Noticed a five-headed hydra
  3965 | D:11     | Acquired Cheibriados' third power
  3965 | D:11     | Reached skill level 10 in Dodging
  4023 | D:12     | Found a labyrinth entrance.
  4047 | Lab      | Entered a labyrinth
  4258 | Lab      | Noticed a minotaur
  4267 | Lab      | Killed a minotaur
  4267 | Lab      | Reached skill level 5 in Invocations
  4267 | Lab      | Reached skill level 5 in Evocations
  4305 | Lab      | trash
  4311 | Lab      | Learned a level 2 spell: Repel Missiles
  4315 | Lab      | Learned a level 3 spell: Flight
  4320 | Lab      | Learned a level 4 spell: Control Teleport
  4338 | D:12     | Noticed an unseen horror
  4343 | D:12     | Killed an unseen horror
  4343 | D:12     | Reached skill level 1 in Translocations
  4343 | D:12     | Reached XP level 11. HP: 32/86 MP: 20/20
  4358 | D:12     | Reached skill level 1 in Spellcasting
  4394 | D:12     | Found a flagged portal.
  4417 | Bailey   | Entered a bailey
  4423 | Bailey   | Noticed Ankalagon's ghost (experienced FeCK)
  4423 | Bailey   | Identified a +2 rod of inaccuracy (11/11) (You took it off a minotaur in a labyrinth)
  4430 | Bailey   | Killed Ankalagon's ghost
  4441 | Bailey   | Noticed ThirdFlower's ghost (experienced TrMo)
  4468 | Bailey   | Mangled by ThirdFlower's ghost

Action                   |  1- 3 |  4- 6 |  7- 9 | 10-12 || total
-------------------------+-------+-------+-------+-------++-------
Melee: Trident           |    36 |   141 |   289 |   174 ||   640
       Whip              |       |    37 |       |       ||    37
       Halberd           |       |       |    12 |     3 ||    15
 Fire: Blowgun           |       |       |     2 |       ||     2
Throw: Throwing net      |     1 |     5 |     1 |       ||     7
Invok: Slouch            |       |       |       |     2 ||     2
Evoke: Wand              |       |     1 |     8 |    23 ||    32
       Rod               |       |       |       |     3 ||     3
       Lamp of fire      |       |       |       |     1 ||     1
  Use: Potion            |     2 |     2 |     2 |     3 ||     9
       Scroll            |       |       |    13 |    13 ||    26
 Stab: Held in net/web   |     1 |     1 |       |       ||     2
       Invisible         |       |       |       |     4 ||     4
